NWL (28 & UNDER)
RED DEER WRANGLERS @ BISMARCK BARONS
08/05/2023
 
TOP OF THE 1ST
Red Deer Wranglers batting - Pitching for Bismarck Barons : RHP Sergio Cruz
Pitching: RHP Sergio Cruz
Batting: LHB Enrico Vargas 0-0: Ball
1-0: Swinging Strike
1-1: Called Strike
1-2: Ball
2-2: Strikes out swinging
Batting: RHB Carlos Peña 0-0: Called Strike
0-1: Foul Ball, location: 2F
0-2: Ball
1-2: SINGLE (Groundball, 6MD)
Batting: RHB Oliver Harris 0-0: Called Strike
0-1: Ball
1-1: Foul Ball, location: 2F
1-2: Foul Ball, location: 2F
1-2: SINGLE (Line Drive, 7LS)
Carlos Peña to second
Batting: RHB Orlando Núñes 0-0: Ball
1-0: Ball
2-0: Called Strike
2-1: Foul Ball, location: 2F
2-2: Ball
3-2: Foul Ball, location: 2F
3-2: Grounds into double play, 4-6-3 (Groundball, 4)
Top of the 1st over - 0 run(s), 2 hit(s), 0 error(s), 1 left on base; Red Deer 0 - Bismarck 0
BOTTOM OF THE 1ST
Bismarck Barons batting - Pitching for Red Deer Wranglers : RHP William Bryant
Pitching: RHP William Bryant
Batting: RHB Jorge Espinosa 0-0: Called Strike
0-1: Called Strike
0-2: Foul Ball, location: 2F
0-2: Strikes out swinging
Batting: LHB Dave Gray 0-0: Ball
1-0: Reached on error, E6 (Groundball, 6M)
Batting: RHB Jack Bailey 0-0: Called Strike
0-1: Ball
1-1: Foul Ball, location: 2F
1-2: Foul Ball, location: 2F
1-2: Grounds into double play, 5-4-3 (Groundball, 56)
Bottom of the 1st over - 0 run(s), 0 hit(s), 1 error(s), 0 left on base; Red Deer 0 - Bismarck 0
TOP OF THE 2ND
Red Deer Wranglers batting - Pitching for Bismarck Barons : RHP Sergio Cruz
Batting: SHB José López 0-0: Swinging Strike
0-1: Swinging Strike
0-2: Ball
1-2: Ball
2-2: Ball
3-2: Strikes out looking
Batting: LHB Del Kennedy 0-0: Called Strike
0-1: Swinging Strike
0-2: Ball
1-2: Ball
2-2: Foul Ball, location: 2F
2-2: Foul Ball, location: 2F
2-2: Strikes out swinging
Batting: LHB Jorge Olvera 0-0: Called Strike
0-1: Swinging Strike
0-2: Ball
1-2: Strikes out swinging
Top of the 2nd over - 0 run(s), 0 hit(s), 0 error(s), 0 left on base; Red Deer 0 - Bismarck 0
BOTTOM OF THE 2ND
Bismarck Barons batting - Pitching for Red Deer Wranglers : RHP William Bryant
Batting: RHB Paul Ladd 0-0: Called Strike
0-1: Ball
1-1: Foul Ball, location: 2F
1-2: Foul Ball, location: 2F
1-2: Ball
2-2: Strikes out swinging
Batting: SHB Víctor Serrano 0-0: Ball
1-0: Ball
2-0: Ball
3-0: Base on Balls
Batting: RHB Kiyomitsu Shinoda 0-0: Foul Ball, location: 2F
0-1: Foul Ball, location: 2F
0-2: Ball
1-2: Strikes out swinging
Batting: SHB Lester Olsen 0-0: Ball
1-0: Called Strike
1-1: Foul Ball, location: 2F
1-2: Fly out, F8 (Flyball, 78M)
Bottom of the 2nd over - 0 run(s), 0 hit(s), 0 error(s), 1 left on base; Red Deer 0 - Bismarck 0
TOP OF THE 3RD
Red Deer Wranglers batting - Pitching for Bismarck Barons : RHP Sergio Cruz
Batting: LHB Ron Mayes 0-0: Called Strike
0-1: Swinging Strike
0-2: Strikes out swinging
Batting: RHB John McDonald 0-0: Called Strike
0-1: Ground out 6-3 (Groundball, 6)
Batting: LHB Enrico Vargas 0-0: Called Strike
0-1: Ball
1-1: Ball
2-1: Called Strike
2-2: Ball
3-2: Base on Balls
Batting: RHB Carlos Peña 0-0: Called Strike
0-1: Fly out, F3 (Line Drive, 3S)
Top of the 3rd over - 0 run(s), 0 hit(s), 0 error(s), 1 left on base; Red Deer 0 - Bismarck 0
BOTTOM OF THE 3RD
Bismarck Barons batting - Pitching for Red Deer Wranglers : RHP William Bryant
Batting: RHB Miguel Hernández 0-0: Fly out, F3 (Popup, 13)
Batting: LHB Lorenzo Núñes 0-0: Ground out U3 (Groundball, 3)
Batting: RHB Jorge Espinosa 0-0: Called Strike
0-1: Foul Ball, location: 2F
0-2: Ball
1-2: Fly out, F8 (Flyball, 89D)
Bottom of the 3rd over - 0 run(s), 0 hit(s), 0 error(s), 0 left on base; Red Deer 0 - Bismarck 0
TOP OF THE 4TH
Red Deer Wranglers batting - Pitching for Bismarck Barons : RHP Sergio Cruz
Batting: RHB Oliver Harris 0-0: Called Strike
0-1: Foul Ball, location: 2F
0-2: Ball
1-2: Ball
2-2: Ball
3-2: Foul Ball, location: 2F
3-2: Foul Ball, location: 2F
3-2: Foul Ball, location: 2F
3-2: Strikes out swinging
Batting: RHB Orlando Núñes 0-0: Foul Ball, location: 2F
0-1: Swinging Strike
0-2: Strikes out swinging
Batting: SHB José López 0-0: Called Strike
0-1: Ball
1-1: Ball
2-1: Fly out, F9 (Flyball, 9S)
Top of the 4th over - 0 run(s), 0 hit(s), 0 error(s), 0 left on base; Red Deer 0 - Bismarck 0
BOTTOM OF THE 4TH
Bismarck Barons batting - Pitching for Red Deer Wranglers : RHP William Bryant
Batting: LHB Dave Gray 0-0: Called Strike
0-1: Reached on Error, E9 (Flyball, 89M)
Batting: RHB Jack Bailey 0-0: Fly out, F6 (Popup, 56D)
Batting: RHB Paul Ladd 0-0: Called Strike
0-1: Foul Ball, location: 2F
0-2: Ball
1-2: Ball
2-2: Ball
3-2: Strikes out swinging
Batting: SHB Víctor Serrano 0-0: Ball
1-0: Foul Ball, location: 2F
1-1: Ball
2-1: Foul Ball, location: 2F
2-2: Ball
3-2: Foul Ball, location: 2F
3-2: Base on Balls
Dave Gray to second
Batting: RHB Kiyomitsu Shinoda 0-0: Ball
1-0: Swinging Strike
1-1: SINGLE (Line Drive, 6MD)
Dave Gray to third
Víctor Serrano to second
Runner from 3rd tries for Home, SAFE, no throw or cutoff
Batting: SHB Lester Olsen 0-0: Ball
1-0: Ball
2-0: Ball
3-0: Base on Balls
Víctor Serrano to third
Kiyomitsu Shinoda to second
Batting: RHB Miguel Hernández 0-0: Called Strike
0-1: DOUBLE (Flyball, 89D)
Víctor Serrano scores
Kiyomitsu Shinoda scores
Lester Olsen to third
Batting: LHB Lorenzo Núñes 0-0: Ball
1-0: Called Strike
1-1: Foul Ball, location: 2F
1-2: Ball
2-2: Ball
3-2: Strikes out looking
Bottom of the 4th over - 3 run(s), 2 hit(s), 1 error(s), 2 left on base; Red Deer 0 - Bismarck 3
TOP OF THE 5TH
Red Deer Wranglers batting - Pitching for Bismarck Barons : RHP Sergio Cruz
Batting: LHB Del Kennedy 0-0: Called Strike
0-1: Ball
1-1: Ball
2-1: Foul Ball, location: 2F
2-2: Foul Ball, location: 2F
2-2: Ball
3-2: Strikes out swinging
Batting: LHB Jorge Olvera 0-0: Ball
1-0: Called Strike
1-1: Ball
2-1: Called Strike
2-2: Strikes out swinging
Batting: LHB Ron Mayes 0-0: Called Strike
0-1: Foul Ball, location: 2F
0-2: Strikes out swinging
Top of the 5th over - 0 run(s), 0 hit(s), 0 error(s), 0 left on base; Red Deer 0 - Bismarck 3
BOTTOM OF THE 5TH
Bismarck Barons batting - Pitching for Red Deer Wranglers : RHP William Bryant
Batting: RHB Jorge Espinosa 0-0: Called Strike
0-1: Ground out 6-3 (Groundball, 6)
Batting: LHB Dave Gray 0-0: Swinging Strike
0-1: Fly out, F9 (Flyball, 89M)
Batting: RHB Jack Bailey 0-0: Ball
1-0: Foul Ball, location: 2F
1-1: Ball
2-1: Foul Ball, location: 2F
2-2: Ball
3-2: Base on Balls
Batting: RHB Paul Ladd 0-0: Ball
Jack Bailey is caught stealing 2nd base
Bottom of the 5th over - 0 run(s), 0 hit(s), 0 error(s), 0 left on base; Red Deer 0 - Bismarck 3
TOP OF THE 6TH
Red Deer Wranglers batting - Pitching for Bismarck Barons : RHP Sergio Cruz
Batting: RHB John McDonald 0-0: Fly out, F4 (Line Drive, 4M)
Batting: LHB Enrico Vargas 0-0: Foul Ball, location: 2F
0-1: Ball
1-1: Foul Ball, location: 2F
1-2: Strikes out swinging
Batting: RHB Carlos Peña 0-0: Ball
1-0: Called Strike
1-1: Ball
2-1: Ball
3-1: Called Strike
3-2: Ground out 6-3 (Groundball, 6)
Top of the 6th over - 0 run(s), 0 hit(s), 0 error(s), 0 left on base; Red Deer 0 - Bismarck 3
BOTTOM OF THE 6TH
Bismarck Barons batting - Pitching for Red Deer Wranglers : RHP William Bryant
Batting: RHB Paul Ladd 0-0: Ball
1-0: Ground out U3 (Groundball, 3L)
Batting: SHB Víctor Serrano 0-0: Fly out, F8 (Popup, 8RS)
Batting: RHB Kiyomitsu Shinoda 0-0: Fly out, F4 (Line Drive, 4M)
Bottom of the 6th over - 0 run(s), 0 hit(s), 0 error(s), 0 left on base; Red Deer 0 - Bismarck 3
TOP OF THE 7TH
Red Deer Wranglers batting - Pitching for Bismarck Barons : RHP Sergio Cruz
Batting: RHB Oliver Harris 0-0: Called Strike
0-1: Ball
1-1: Fly out, F8 (Flyball, 8LM)
Pitching: RHP Dalton Ray
Batting: RHB Orlando Núñes 0-0: Called Strike
0-1: Ball
1-1: Swinging Strike
1-2: Ball
2-2: Foul Ball, location: 2F
2-2: Ball
3-2: Base on Balls
Batting: SHB José López 0-0: Fly out, F8 (Flyball, 8LD)
Batting: LHB Del Kennedy 0-0: Called Strike
0-1: Ball
1-1: Swinging Strike
1-2: Foul Ball, location: 2F
1-2: Foul Ball, location: 2F
1-2: Strikes out swinging
Top of the 7th over - 0 run(s), 0 hit(s), 0 error(s), 1 left on base; Red Deer 0 - Bismarck 3
BOTTOM OF THE 7TH
Bismarck Barons batting - Pitching for Red Deer Wranglers : RHP William Bryant
Batting: SHB Lester Olsen 0-0: Ball
1-0: Swinging Strike
1-1: Ball
2-1: Ball
3-1: Called Strike
3-2: Fly out, F8 (Flyball, 8LS)
Batting: RHB Miguel Hernández 0-0: Ball
1-0: Called Strike
1-1: Fly out, F9 (Flyball, 9S)
Batting: LHB Lorenzo Núñes 0-0: Ball
1-0: Ball
2-0: Called Strike
2-1: Ball
3-1: Ground out 1-3 (Groundball, 13)
Bottom of the 7th over - 0 run(s), 0 hit(s), 0 error(s), 0 left on base; Red Deer 0 - Bismarck 3
TOP OF THE 8TH
Red Deer Wranglers batting - Pitching for Bismarck Barons : RHP Dalton Ray
Now in CF: Paco Sandoval
Batting: LHB Jorge Olvera 0-0: Ball
1-0: Ball
2-0: Ball
3-0: Called Strike
3-1: Called Strike
3-2: Base on Balls
Pitching: RHP José Abacil
Batting: LHB Ron Mayes 0-0: Ball
1-0: Swinging Strike
1-1: Called Strike
1-2: Strikes out swinging
Batting: RHB John McDonald 0-0: Called Strike
0-1: Called Strike
0-2: Foul Ball, location: 2F
0-2: Strikes out swinging
Batting: LHB Enrico Vargas 0-0: Ball
1-0: Ground out 1-3 (Groundball, 13)
Top of the 8th over - 0 run(s), 0 hit(s), 0 error(s), 1 left on base; Red Deer 0 - Bismarck 3
BOTTOM OF THE 8TH
Bismarck Barons batting - Pitching for Red Deer Wranglers : RHP William Bryant
Pitching: RHP Russell Cooper
Batting: RHB Jorge Espinosa 0-0: Ball
1-0: Ball
2-0: Ball
3-0: Base on Balls
Batting: LHB Dave Gray 0-0: Ball
1-0: Sac Bunt - play at first, batter OUT! 2-4
Jorge Espinosa to second
Batting: RHB Jack Bailey 0-0: Intentional Walk
Batting: RHB Paul Ladd 0-0: Called Strike
0-1: Ball
Wild Pitch!
Jorge Espinosa to third
Jack Bailey to second
1-1: Foul Ball, location: 2F
1-2: Ball
2-2: DOUBLE (Line Drive, 7LS)
Jorge Espinosa scores
Jack Bailey scores
Batting: SHB Víctor Serrano 0-0: Called Strike
0-1: Foul Ball, location: 2F
0-2: Ball
1-2: Foul Ball, location: 2F
1-2: Ball
2-2: Ball
3-2: DOUBLE (Line Drive, 3D)
Paul Ladd scores
Pitching: RHP Alejandro Arriaza
Batting: RHB Kiyomitsu Shinoda 0-0: Called Strike
0-1: Ball
1-1: Fly out, F7 (Popup, 6D)
Batting: SHB Lester Olsen 0-0: Called Strike
0-1: Ball
1-1: Foul Ball, location: 2F
1-2: Strikes out swinging
Bottom of the 8th over - 3 run(s), 2 hit(s), 0 error(s), 1 left on base; Red Deer 0 - Bismarck 6
TOP OF THE 9TH
Red Deer Wranglers batting - Pitching for Bismarck Barons : RHP José Abacil
Batting: RHB Carlos Peña 0-0: Ball
1-0: Called Strike
1-1: Foul Ball, location: 2F
1-2: Strikes out swinging
Batting: RHB Oliver Harris 0-0: Ball
1-0: Called Strike
1-1: Fly out, F9 (Flyball, 89M)
Batting: RHB Orlando Núñes 0-0: Called Strike
0-1: Swinging Strike
0-2: Ball
1-2: Ball
2-2: SOLO HOME RUN (Flyball, 7D), Distance : 358 ft
Batting: SHB José López 0-0: Ball
1-0: Foul Ball, location: 2F
1-1: Swinging Strike
1-2: Ball
2-2: Foul Ball, location: 2F
2-2: Foul Ball, location: 2F
2-2: Strikes out swinging
Top of the 9th over - 1 run(s), 1 hit(s), 0 error(s), 0 left on base; Red Deer 1 - Bismarck 6
This league is powered by Out of the Park Baseball, the baseball management simulation game for PC, Mac and Linux
Wednesday, December 2nd, 2015 - OOTP Baseball 16.8 Build 38